 Dungeon Sprint DCSS version 0.30-a0-39-g42789b21ef (webtiles) character file.

Game seed: 7543213819093471159

1249 mhtbhm the Grappler (level 8, -2/75 HPs)
             Began as a Pale Draconian Transmuter on Aug 28, 2022.
             Was a Priest of Okawaru.
             Slain by Erica
             ... wielding a +3 scimitar of flaming
              (12 damage)
             ... in the Dungeon (Sprint III: "The Ten Rune Challenge").
             The game lasted 00:02:06 (1211 turns).

mhtbhm the Grappler (Pale Draconian Transmuter)     Turns: 1211, Time: 00:02:06

Health: -2/75      AC:  7    Str: 14    XL:     8   Next: 26%
Magic:  20/20      EV: 11    Int: 14    God:    Okawaru [***...]
Gold:   17         SH:  0    Dex: 12    Spells: 14/24 levels left

rFire   x . .      SeeInvis .      - Unarmed
rCold   + + +      Faith    .    (shield currently unavailable)
rNeg    . . .      Spirit   .    (body armour unavailable)
rPois   +          Reflect  .    (helmet currently unavailable)
rElec   .          Harm     .    (cloak currently unavailable)
rCorr   .          Rampage  .    (gloves currently unavailable)
Will    .....      NoTele   +    (boots currently unavailable)
Stlth   +++.......               (no amulet)
HPRegen 0.22/turn                i - ring of poison resistance
MPRegen 0.17/turn                (no ring)

@: ice-form (expiring), slowed, very slow
A: freezing attack, amphibious, boosted hp, (breathe steam), AC +6, large,
unfitting armour, (cold-blooded), (steam resistance)
a: End Transformation, Renounce Religion, Heroism


You were in the Dungeon.
You worshipped Okawaru.
Okawaru was most pleased with you.
You were a creature of crystalline ice.
You visited 1 branch You collected 17 gold pieces.

Inventory:

Jewellery
 i - a ring of poison resistance (left front paw)
Scrolls
 g - a scroll of blinking
 h - 3 scrolls of identify {unknown}
 j - 2 scrolls of immolation {unknown}
Potions
 a - a potion of might
 b - a potion of curing
 c - 2 potions of heal wounds
 e - 2 potions of magic
 f - 2 potions of mutation {unknown}
 k - 2 potions of flight {unknown}
 l - 2 potions of resistance {unknown}
Miscellaneous
 d - a lightning rod (4/4)


   Skills:
 + Level 3.5 Fighting
 + Level 4.5 Dodging
 + Level 5.6 Stealth
 + Level 11.5 Unarmed Combat
 + Level 8.5 Spellcasting
 + Level 8.2 Transmutations
 + Level 2.3 Ice Magic
 + Level 0.6 Poison Magic


You had 14 spell levels left.
You knew the following spells:

 Your Spells              Type           Power      Damage    Failure   Level
a - Beastly Appendage     Tmut           56%        N/A       1%          1
b - Wereblood             Tmut           28%        N/A       1%          2
c - Spider Form           Tmut/Pois      18%        N/A       6%          3
d - Ice Form              Ice/Tmut       20%        N/A       14%         4

Your spell library contained the following spells:

 Spells                   Type           Power      Damage    Failure   Level
 Foxfire                  Conj/Fire      20%        2x1d5     12%         1
 Blink                    Tloc           10%        N/A       19%         2
 Conjure Flame            Conj/Fire      5%         6-21      36%         3
 Inner Flame              Hex/Fire       5%         N/A       36%         3
 Flame Wave               Conj/Fire      5%         2d5       77%         4
 Manifold Assault         Tloc           5%         N/A       98%         5
 Storm Form               Tmut/Air       8%         N/A       100%        7


Dungeon Overview and Level Annotations

Branches:
Dungeon (1/1)

Altars:
Cheibriados
Dithmenos
Elyvilon
Fedhas
Gozag
Hepliaklqana
Kikubaaqudgha
Makhleb
Nemelex Xobeh
Okawaru
Qazlal
Ru
Sif Muna
Trog
Uskayaw
Vehumet
Wu Jian
Xom
Yredelemnul
Zin
The Shining One
Jiyva
Lugonu

Annotations:
D Erica


Innate Abilities, Weirdness & Mutations

You are a creature of crystalline ice.
You have a powerful freezing melee attack.
You are amphibious.
Your maximum health is increased.
Your armour is entirely melded.
You are incapable of wielding weapons or throwing items.
((You can breathe blasts of scalding, opaque steam.))
((Your pale cyan-grey scales are hard. (AC +6)))
You cannot fit into any form of body armour.
((You are cold-blooded and may be slowed by cold attacks.))
((You are immune to the effects of steam.))


Message History

Erica melts you.
You pummel Erica!! You freeze Erica.
Erica is moderately wounded.
Erica hits you with a +3 scimitar of flaming.
Erica melts you.
You punch Erica! You freeze Erica.
Erica is severely wounded.
Erica casts a spell at you.
You feel yourself slow down.
You hit Erica but do no damage.
Erica is severely wounded.
Erica hits you with a +3 scimitar of flaming.
Erica melts you.
You barely miss Erica.
Erica is severely wounded.
You howl as the wereblood boils in your veins!
Your primal bloodlust has ended.
Erica hits you with a +3 scimitar of flaming.
* * * LOW HITPOINT WARNING * * *
Erica melts you.
* * * LOW HITPOINT WARNING * * *
Unknown command.
Press: ? - help, v - describe, . - travel
Here: Erica, wielding a +3 scimitar of flaming, wearing a +2 robe of cold resistance and carrying a wand of iceblast (8) (black smoke, severely wounded)
The floor, spattered with blood.
Unknown command.
You feel much better. Erica casts a spell at you.
You resist with significant effort. Erica barely misses you.
You punch Erica! You freeze Erica.
Erica is severely wounded.
Erica hits you with a +3 scimitar of flaming!
* * * LOW HITPOINT WARNING * * *
Erica melts you!
* * * LOW HITPOINT WARNING * * *
You barely miss Erica.
Erica is severely wounded.
Your transformation is almost over.
Erica hits you with a +3 scimitar of flaming!
You die...

.#)..#__)#$_#
.###'#'###'##
.#..........#
.'.⌠........#
.#...######'#
.#.⌠.#__#...#+#####
.#...#__#...#.§§§~+
.#'###__#...#.#§§§#
.#.).#__#...'.#§Y§#
.#___#__'...#.#§@§#
▓▓▓▓▓▓▓▓▓▓▓▓▓▓▓▓▓▓▓


You could see Erica.

Vanquished Creatures
  A deep elf pyromancer (D)
  A shadow (D)
  A spatial vortex (D)
  A necrophage (D)
  A water elemental (D)
  A jelly (D)
  A wizard (D)
  A necromancer (D)
  A kobold demonologist (D)
  3 humans (D)
  A wolf (D)
  An endoplasm (D)
  3 rats (D)
17 creatures vanquished.

Notes
Turn   | Place    | Note
-------+----------+-------------------------------------------
     0 | D        | mhtbhm the Draconian Transmuter began the quest for the
                  | Orb.
     0 | D        | Reached XP level 1. HP: 16/16 MP: 3/3
    92 | D        | Reached skill level 4 in Unarmed Combat
    92 | D        | Reached XP level 2. HP: 23/23 MP: 1/5
   228 | D        | Learned a level 2 spell: Wereblood
   239 | D        | Reached skill level 5 in Unarmed Combat
   239 | D        | Reached XP level 3. HP: 20/28 MP: 4/7
   329 | D        | Learned a level 3 spell: Spider Form
   333 | D        | Noticed a water elemental
   343 | D        | Killed a water elemental
   344 | D        | Reached skill level 1 in Stealth
   344 | D        | Reached skill level 6 in Unarmed Combat
   344 | D        | Reached XP level 4. HP: 12/35 MP: 6/10
   607 | D        | Learned a level 4 spell: Ice Form
   611 | D        | Found a hide-covered altar of Uskayaw.
   611 | D        | Found an iron altar of Okawaru.
   611 | D        | Found a bloodstained altar of Trog.
   611 | D        | Found an ornate altar of the Wu Jian Council.
   611 | D        | Noticed a human
   611 | D        | Noticed a human
   617 | D        | Killed a human
   618 | D        | Reached skill level 8 in Unarmed Combat
   618 | D        | Reached skill level 5 in Spellcasting
   618 | D        | Reached skill level 5 in Transmutations
   618 | D        | Reached XP level 5. HP: 41/41 MP: 2/13
   628 | D        | Killed a human
   629 | D        | Reached skill level 9 in Unarmed Combat
   629 | D        | Reached XP level 6. HP: 34/48 MP: 2/15
   635 | D        | Became a worshipper of Warmaster Okawaru
   732 | D        | Found a basalt altar of Yredelemnul.
   732 | D        | Found a shadowy altar of Dithmenos.
   732 | D        | Found a sacrificial altar of Ru.
   752 | D        | Found a radiant altar of Vehumet.
   752 | D        | Found a shimmering blue altar of Sif Muna.
   752 | D        | Found an ancient bone altar of Kikubaaqudgha.
  1079 | D        | Found a glowing silver altar of Zin.
  1080 | D        | Found a glowing golden altar of the Shining One.
  1080 | D        | Found a white marble altar of Elyvilon.
  1080 | D        | Noticed a deep elf pyromancer
  1082 | D        | Killed a deep elf pyromancer
  1082 | D        | Reached * piety under Okawaru
  1082 | D        | Reached ** piety under Okawaru
  1083 | D        | Reached skill level 5 in Stealth
  1083 | D        | Reached skill level 11 in Unarmed Combat
  1083 | D        | Reached skill level 1 in Ice Magic
  1083 | D        | Your scales start taking on a pale cyan-grey colour.
  1083 | D        | Reached XP level 7. HP: 57/57 MP: 10/18
  1083 | D        | Gained mutation: You are immune to the effects of steam.
                  | [Pale Draconian growth]
  1095 | D        | Noticed a shadow
  1097 | D        | Killed a shadow
  1097 | D        | Reached *** piety under Okawaru
  1098 | D        | Reached XP level 8. HP: 63/63 MP: 13/20
  1175 | D        | Found a blossoming altar of Fedhas.
  1175 | D        | Found a stormy altar of Qazlal.
  1175 | D        | Found a snail-covered altar of Cheibriados.
  1175 | D        | Found a burning altar of Makhleb.
  1175 | D        | Found a shimmering altar of Xom.
  1176 | D        | Found a hazy altar of Hepliaklqana.
  1176 | D        | Found an opulent altar of Gozag.
  1176 | D        | Found a sparkling altar of Nemelex Xobeh.
  1176 | D        | Found a corrupted altar of Lugonu.
  1176 | D        | Found a viscous altar of Jiyva.
  1201 | D        | Noticed Erica
  1211 | D        | Slain by Erica

Illustrated notes

Levels and vault maps discovered:
D:        dungeon_sprint_mu [sprint_mu_entry_cave, sprint_mu_temple_rooms,
          sprint_mu_d1_horrors, sprint_mu_d2_genie, sprint_mu_d3_branching,
          sprint_mu_orc_legion, sprint_mu_elf_gauntlet, sprint_mu_hive_nellie,
          sprint_mu_lair_fedhas, sprint_mu_vaults_butterflies,
          sprint_mu_slime_circle, sprint_mu_shoals_kraken,
          sprint_mu_snake_twists, sprint_mu_blade_basic, sprint_mu_crypt_lich,
          sprint_mu_tomb_spiral, sprint_mu_vestibule_basic,
          sprint_mu_gehenna_hellfire, sprint_mu_dis_giant,
          sprint_mu_tartarus_statrot, sprint_mu_cocytus_islands, sprint_mu_zot1]

Skill      XL: |  1  2  3  4  5  6  7  8 |
---------------+-------------------------+-----
Dodging        | 2 3 4 |  4.5
Unarmed Combat | 4 5 6 8 9 11 | 11.5
Spellcasting   | 3 4 5 6 8 |  8.5
Transmutations | 3 4 5 7 8 |  8.2
Stealth        | 1 2 3 5 |  5.6
Fighting       | 2 3 |  3.5
Ice Magic      | 1 2 |  2.3
Poison Magic   | |  0.6

Action                   |  1- 3 |  4- 6 |  7- 9 || total
-------------------------+-------+-------+-------++-------
Melee: Unarmed           |    24 |    29 |    17 ||    70
       Kick              |     4 |       |       ||     4
       Headbutt          |     2 |       |       ||     2
       Tailslap          |     2 |       |       ||     2
       Punch             |     2 |       |       ||     2
 Cast: Beastly Appendage |     5 |       |       ||     5
       Wereblood         |     1 |     3 |     1 ||     5
       Spider Form       |       |     1 |       ||     1
       Ice Form          |       |     2 |     1 ||     3
  Use: Potion            |     2 |     1 |     1 ||     4
 Stab: Sleeping          |     2 |     2 |     1 ||     5
Armor: Skin              |     5 |     1 |     1 ||     7
Dodge: Dodged            |     8 |    12 |     3 ||    23

Table legend: (Time is in decaauts)
 A = Elapsed time spent in this place.
 B = Non-inter-level travel time spent in this place.
 C = Inter-level travel time spent in this place.
 D = Time resting spent in this place.
 E = Time spent auto-exploring this place.
 F = Levels seen in this place.
 G = Mean time per level.
                   A        B        C        D        E       F      G
               +--------+--------+--------+--------+--------+-----+--------+
         Total |   1190 |   1190 |      0 |    898 |     35 |   1 | 1190.0 |
       Dungeon |   1190 |   1190 |      0 |    898 |     35 |   1 | 1190.0 |
               +--------+--------+--------+--------+--------+-----+--------+

Top non-repeatable levels by time:
       D: 1190 daAuts
